cohdb
Replays
Latest Replays
All Replays
Popular Replays
Top Player Replays
Match Explorer
How It Works
Community
CoH3 Stats
Reddit
Sign in to upload your games and track your stats! →
Sign in with Steam
Match 42573887
Unlisted
Match 42573887
Overview
Messages
Build Orders
End
Kradschützen Motorcycle Team
Panzergrenadier Squad
Panzergrenadier Squad
Panzergrenadier Squad
Construct Light Support Kompanie
250 Light Carrier
Combat Half-tracks
Panzerjäger Mechanized Group
Fire Support Elements
Flakvierling Half-track
Kradschützen Motorcycle Team
Vehicle Survival Package
Pak 38 Mechanized Group
Veteran Squad Leaders
2.5-tonne Medical Truck
Construct Panzerarmee Kommand
Panzer III L Medium Tank
Panzer III L Medium Tank
Panzer III L Medium Tank
Panzer III L Medium Tank
Emergency Repair Kits
Rapid Advance
Panzer III L Medium Tank
Selects Italian Combined Arms Battlegroup
Selects Bersaglieri Squad
Selects Vehicle Support - Secure Location
Selects Vehicle Support - Force Recon
Selects Semovente da 75/18 Assault Gun
Selects Carro Armato M13/40 Light Tank
Selects Artillery Cover
Artillery Cover
Armored Reserves
Panzer IV Assault Group
Artillery Cover
(502) Bad Gateway
Onefiveseven
0
0
Comments
sign in to comment!
No comments posted yet!